Map: Old Estate

Players

Hberto

  • Race: Terran Terran
  • Spawn Location: 9:00

sarrafoJoe

  • Race: Terran Terran
  • Spawn Location: 7:00

zxVulcanxz

  • Race: Protoss Protoss
  • League: Gold
  • Spawn Location: 7:00

Infamous

  • Race: Protoss Protoss
  • League: Silver
  • Spawn Location: 7:00

CHCKEN

  • Race: Protoss Protoss
  • Spawn Location: 1:00

Mangachu

  • Race: Terran Terran
  • Spawn Location: 3:00

Lawliet

  • Race: Terran Terran
  • Spawn Location: 3:00

Nsgaming

  • Race: Terran Terran
  • Spawn Location: 1:00

VOD

Have the link to the VOD?

Description

Time

  • Played on: March 10, 2018, 3:30 p.m.
  • Length: 15:51
Show
View Real Time Build Order
Export as new Build Order

Hberto Terran 

Build Orders:  

Get SALT Encoding   

  12  2:23  SCV  
  13  2:35  SCV  
  14  2:41  Supply Depot  
  14  2:48  SCV  
  15  2:52  Refinery  
  15  3:02  SCV  
  15  3:04  Refinery, Engineering Bay  
  16  3:14  SCV  
  16  3:17  Barracks  
  17  3:30  Supply Depot, Barracks  
  17  3:36  SCV  
  18  3:48  SCV  
  18  3:53  Missile Turret  
  19  4:07  SCV  
  19  4:08  Missile Turret  
  19  4:09  Barracks Tech Lab  
  20  4:13  Missile Turret  
  20  4:19  SCV  
  20  4:22  Barracks Reactor  
  21  4:29  Missile Turret  
  21  4:31  SCV  
  22  4:33  Missile Turret, Combat Shields  
  22  4:43  SCV, Marauder  
  25  4:51  Factory  
  25  4:55  SCV  
  26  5:07  Command Center  
  26  5:09  Marauder  
  28  5:19  Orbital Command  
  28  5:22  Marine x2  
  30  5:47  Factory Tech Lab  
  30  5:48  Starport  
  30  5:50  Marine  
  31  6:09  Supply Depot  
  31  6:18  Marine x2  
  31  6:19  SCV, Marauder  
  31  6:24  SCV  
  31  6:25  Missile Turret  
  37  6:31  SCV  
  37  6:32  Starport Tech Lab  
  38  6:33  Starport  
  38  6:36  Marine x2, SCV  
  41  6:40  Supply Depot, Marauder  
  41  6:43  SCV, Refinery  
  44  6:48  SCV  
  45  6:55  SCV, Refinery  
  45  7:01  SCV  
  47  7:07  SCV  
  48  7:11  Missile Turret  
  48  7:13  SCV  
  48  7:15  Siege Tank  
  52  7:19  SCV  
  53  7:24  Starport Tech Lab  
  53  7:29  Starport  
  53  7:33  Supply Depot, Missile Turret  
  53  7:34  Supply Depot  
  53  7:38  SCV  
  54  7:45  Cloaking Field  
  54  7:47  Hyperflight Rotors  
  54  7:55  SCV x2  
  56  8:00  Missile Turret  
  56  8:06  Supply Depot  
  56  8:07  Supply Depot, SCV x2  
  56  8:10  Starport Tech Lab  
  58  8:12  Starport  
  58  8:14  Banshee  
  58  8:19  SCV  
  62  8:31  SCV  
  63  8:34  Banshee  
  63  8:36  Banshee  
  63  8:37  Missile Turret  
  69  8:42  Marine x2  
  69  8:44  Marauder  
  76  8:48  Siege Tank  
  76  8:59  Starport Tech Lab  
  76  9:01  Starport  
  76  9:03  Banshee  
  79  9:18  Supply Depot  
  79  9:23  Supply Depot, Banshee  
  79  9:24  Banshee  
  85  9:36  Orbital Command  
  85  9:40  Banshee  
  85  9:44  Starport Tech Lab  
  88  9:45  Starport  
  88  9:52  Armory  
  88  9:55  Armory  
  88  10:17  Banshee x2  
  94  10:24  Starport Tech Lab  
  94  10:32  Missile Turret  
  94  10:39  Banshee  
  94  10:40  Banshee  
  100  10:53  Command Center  
  100  11:41  Banshee  
  100  12:05  Banshee x5  
  115  12:13  Refinery x2  
  115  12:14  Orbital Command  
  115  12:20  Terran Ship Weapons Level 1  
  115  12:21  Terran Vehicle And Ship Armor Level 1  
  115  12:33  Supply Depot  
  115  12:40  SCV  
  116  12:52  SCV  
  116  12:54  Banshee x2  
  116  12:56  Supply Depot  
  123  13:04  SCV  
  124  13:16  SCV  
  124  13:17  Banshee x2  
  124  13:19  Supply Depot  
  131  13:28  SCV  
  132  13:40  Banshee x3  
  141  13:41  Supply Depot  
  141  14:02  Banshee x2  
  141  14:03  SCV  
  141  14:04  Banshee  
  148  14:15  SCV  
  146  14:23  Banshee  
  149  14:31  Supply Depot  
  149  14:52  Banshee x2  
  155  14:53  Supply Depot  
Show
View Real Time Build Order
Export as new Build Order

sarrafoJoe Terran 

Build Orders:  

Get SALT Encoding   

  12  0:02  SCV  
  13  0:14  SCV  
  13  0:21  Supply Depot  
  14  0:26  SCV  
  15  0:42  SCV  
  16  0:52  Barracks  
  16  0:54  SCV  
  17  1:02  Refinery  
  17  1:06  SCV  
  17  1:11  Supply Depot  
  18  1:18  SCV  
  18  1:22  Barracks  
  19  1:31  SCV  
  20  1:43  SCV  
  21  1:57  Orbital Command  
  21  2:23  Ghost Academy  
  21  2:30  Refinery  
  21  2:31  Barracks Tech Lab  
  21  2:32  Barracks Tech Lab  
  21  2:34  SCV  
  22  2:46  SCV  
  22  2:50  Command Center  
  23  2:58  SCV  
  24  3:11  SCV  
  25  3:15  Refinery  
  25  3:17  Ghost  
  27  3:23  SCV  
  27  3:26  Ghost  
  30  3:40  Refinery  
  30  3:45  Supply Depot  
  30  3:47  Supply Depot  
  30  3:50  Supply Depot x2  
  30  3:52  Supply Depot  
  30  4:03  Supply Depot, Orbital Command  
  30  4:25  Supply Depot  
  30  4:26  Ghost  
  32  4:31  SCV  
  33  4:43  SCV  
  34  4:49  Supply Depot  
  34  4:57  SCV  
  35  5:01  SCV  
  36  5:09  SCV  
  36  5:13  SCV  
  38  5:21  SCV  
  38  5:25  SCV  
  40  5:28  Ghost x2  
  40  5:34  SCV  
  45  5:37  SCV  
  46  5:46  SCV  
  48  5:50  SCV  
  48  5:51  Personal Cloaking  
  48  5:57  Ghost x2  
  48  5:58  SCV  
  48  6:02  SCV  
  54  6:10  SCV  
  55  6:14  SCV  
  56  6:22  SCV  
  57  6:25  Ghost  
  57  6:26  SCV, Ghost  
  62  6:34  SCV  
  62  6:38  SCV  
  64  6:46  SCV  
  65  6:50  SCV  
  65  6:54  Ghost x2  
  70  7:29  Ghost  
  70  7:30  Ghost  
  74  7:58  Ghost x2  
  78  8:26  Ghost  
  78  8:27  Ghost  
  82  8:55  Ghost  
  80  9:54  Command Center  
  80  10:06  Refinery  
  80  10:19  Factory  
  80  10:32  Refinery  
  80  11:13  Starport  
  80  11:14  Starport  
  80  11:15  Starport  
  68  12:12  Starport Reactor x3  
  68  12:28  Factory Reactor  
  68  12:42  Ghost x2  
  72  12:54  Barracks  
  72  12:56  Barracks  
  72  12:57  Barracks  
  72  13:05  Engineering Bay  
  72  13:06  Engineering Bay  
  72  13:10  Ghost  
  72  13:11  Ghost  
  66  13:39  Ghost  
  52  14:36  Viking x4  
  52  14:37  Viking x2  
  64  14:45  Hellion  
  64  14:46  Hellion  
  64  15:05  Supply Depot  
  64  15:06  Supply Depot x2, Viking x5  
  64  15:07  Hellion x2, Supply Depot x2, Viking  
  78  15:10  Supply Depot  
  78  15:12  Supply Depot  
  78  15:14  Supply Depot  
  80  15:16  Supply Depot  
  80  15:17  Supply Depot  
  80  15:20  Supply Depot  
  80  15:21  Supply Depot  
  80  15:26  Supply Depot  
  80  15:28  Hellion x2  
  82  15:40  Supply Depot  
  94  15:43  Supply Depot  
Show
View Real Time Build Order
Export as new Build Order

zxVulcanxz Protoss 

Build Orders: Dark Templar Rush 

Get SALT Encoding   

  12  0:03  Probe  
  13  0:15  Probe  
  14  0:27  Probe  
  15  0:31  Pylon  
  15  0:50  Gateway  
  15  0:53  Forge  
  15  1:00  Probe (Chrono Boost)  
  17  1:12  Probe (Chrono Boost)  
  17  1:18  Probe (Chrono Boost), Pylon  
  18  1:26  Assimilator  
  18  1:27  Probe (Chrono Boost)  
  18  1:31  Assimilator  
  19  1:38  Probe (Chrono Boost)  
  20  1:43  Probe (Chrono Boost)  
  21  1:53  Probe  
  22  1:59  Cybernetics Core  
  22  2:05  Pylon  
  22  2:31  Photon Cannon  
  22  2:35  Warp Gate  
  22  2:43  Robotics Facility  
  22  2:45  Twilight Council  
  22  3:02  Pylon  
  22  3:05  Pylon  
  22  3:09  Pylon  
  22  3:23  Dark Shrine  
  22  3:33  Warp Prism  
  24  4:04  Gateway  
  24  4:06  Gateway  
  24  4:09  Gateway  
  24  4:11  Gateway  
  24  4:12  Gateway  
  24  5:17  Dark Templar  
  24  5:18  Dark Templar x4  
  30  6:24  Stalker  
  30  6:25  Stalker x4  
  36  6:26  Stalker  
  36  6:52  Nexus  
  36  6:53  Pylon  
  36  7:01  Robotics Bay  
  36  7:15  Pylon  
  34  7:56  Dark Templar x3  
  38  8:00  Zealot x2  
  38  8:01  Zealot  
  44  8:31  Zealot  
  44  8:32  Zealot x2  
  44  8:33  Zealot x2  
  44  8:34  Zealot  
  34  9:18  Probe  
  33  9:29  Stargate  
  33  9:30  Stargate  
  33  9:31  Probe  
  30  9:32  Stargate  
  30  9:43  Probe  
  31  9:55  Probe  
  26  10:07  Probe  
  27  10:15  Assimilator  
  27  10:16  Assimilator  
  27  10:19  Probe  
  28  10:31  Probe  
  29  10:43  Probe  
  30  10:55  Probe  
  30  10:56  Robotics Facility  
  31  11:22  Dark Templar x3  
  31  11:24  Dark Templar  
  31  11:25  Dark Templar  
  31  11:57  Zealot  
  31  11:58  Zealot x5  
  43  12:02  Charge  
  43  12:35  Zealot  
  43  12:36  Zealot x3  
  51  12:37  Zealot x2  
  55  12:56  Phoenix  
  55  12:57  Phoenix x2  
  61  13:07  Extended Thermal Lance  
  61  13:21  Phoenix  
  61  13:22  Phoenix x2  
  65  13:46  Phoenix  
  65  13:47  Phoenix  
  69  14:05  Zealot x4  
  69  14:06  Zealot x2  
  81  15:09  Stalker x2  
  81  15:10  Stalker  
  81  15:11  Stalker x3  
Show
View Real Time Build Order
Export as new Build Order

Infamous Protoss 

Build Orders: 1 Gate Expand 

Get SALT Encoding   

  12  0:03  Probe  
  13  0:14  Pylon  
  13  0:18  Probe  
  14  0:30  Probe (Chrono Boost)  
  15  0:37  Gateway  
  16  0:42  Probe (Chrono Boost)  
  16  0:51  Probe (Chrono Boost)  
  17  0:58  Assimilator  
  17  1:13  Probe  
  18  1:22  Nexus  
  18  1:34  Cybernetics Core  
  18  1:38  Probe  
  19  1:50  Probe (Chrono Boost)  
  20  1:55  Assimilator  
  21  2:02  Probe (Chrono Boost)  
  21  2:10  Pylon  
  21  2:23  Pylon  
  21  2:25  Probe (Chrono Boost)  
  22  2:35  Warp Gate (Chrono Boost)  
  23  2:37  Probe (Chrono Boost)  
  23  2:38  Probe (Chrono Boost)  
  23  2:41  Pylon  
  24  2:48  Stargate  
  24  2:53  Probe  
  24  2:54  Probe  
  26  3:08  Stargate  
  26  3:09  Probe  
  27  3:17  Shield Battery  
  27  3:28  Probe x2  
  27  3:33  Void Ray  
  34  3:42  Probe (Chrono Boost)  
  34  3:46  Probe (Chrono Boost)  
  35  3:52  Probe (Chrono Boost)  
  35  3:55  Probe (Chrono Boost)  
  37  3:56  Void Ray  
  37  3:59  Assimilator  
  41  4:15  Probe (Chrono Boost)  
  43  4:18  Protoss Air Weapons Level 1  
  43  4:19  Gateway  
  43  4:20  Probe (Chrono Boost), Gateway  
  43  4:28  Probe (Chrono Boost)  
  43  4:29  Probe (Chrono Boost)  
  45  4:40  Robotics Facility  
  45  4:50  Forge  
  45  4:54  Probe (Chrono Boost)  
  45  4:57  Pylon  
  47  5:00  Pylon  
  47  5:03  Probe (Chrono Boost)  
  47  5:05  Probe (Chrono Boost)  
  47  5:06  Void Ray  
  52  5:11  Probe (Chrono Boost)  
  53  5:17  Assimilator  
  53  5:18  Probe (Chrono Boost)  
  54  5:27  Probe (Chrono Boost)  
  56  5:29  Probe (Chrono Boost), Observer  
  56  5:34  Void Ray (Chrono Boost)  
  65  6:02  Void Ray (Chrono Boost)  
  65  6:06  Void Ray (Chrono Boost)  
  69  6:16  Probe  
  69  6:17  Probe  
  71  6:34  Pylon  
  71  6:36  Pylon, Void Ray (Chrono Boost)  
  71  6:38  Probe x2  
  77  6:56  Protoss Air Armor Level 1 (Chrono Boost)  
  77  7:15  Gateway  
  77  7:16  Gateway  
  77  7:19  Probe  
  77  7:20  Probe, Gateway  
  79  7:29  Stalker  
  81  7:30  Stalker x2  
  85  7:37  Void Ray (Chrono Boost)  
  85  7:38  Void Ray (Chrono Boost)  
  85  8:16  Void Ray x2 (Chrono Boost)  
  73  8:50  Void Ray (Chrono Boost)  
  81  9:00  Void Ray (Chrono Boost)  
  81  9:06  Nexus  
  81  9:09  Pylon, Zealot x5  
  91  9:10  Zealot  
  91  9:11  Pylon  
  93  9:17  Nexus  
  93  9:20  Pylon  
  93  9:22  Pylon  
  93  9:25  Assimilator  
  93  9:26  Void Ray  
  93  9:27  Assimilator  
  97  9:36  Void Ray  
  101  9:46  Twilight Council  
  101  9:58  Photon Cannon  
  101  10:00  Photon Cannon  
  101  10:01  Photon Cannon  
  101  10:04  Shield Battery  
  101  10:14  Stalker  
  101  10:15  Zealot  
  101  10:16  Zealot  
  101  10:17  Zealot x3  
  113  10:41  Probe (Chrono Boost)  
  115  10:51  Probe (Chrono Boost)  
  115  10:56  Probe (Chrono Boost)  
  116  11:05  Probe x3  
  116  11:07  Probe  
  120  11:17  Probe  
  93  11:19  Probe  
  76  11:32  Probe  
  77  11:38  Stalker x4  
  77  11:39  Stalker x2  
  89  11:44  Probe  
  90  11:56  Probe  
  90  11:59  Void Ray x2 (Chrono Boost)  
  91  12:05  Gateway  
  91  12:07  Gateway  
  99  12:08  Gateway  
  99  12:15  Probe, Gateway  
  100  12:17  Stargate  
  100  12:27  Probe  
  100  12:29  Probe x3  
  104  12:32  Stalker x2, Void Ray x2 (Chrono Boost)  
  104  12:33  Stalker x4  
  124  12:39  Probe  
  124  12:41  Probe  
  126  12:53  Gateway  
  126  12:55  Gateway  
  126  12:56  Assimilator  
  126  12:57  Gateway  
  126  12:58  Gateway  
  126  13:00  Assimilator  
  126  13:07  Void Ray  
  130  13:19  Charge  
  130  13:24  Zealot  
  130  13:25  Zealot x5  
  124  14:08  Probe  
  115  14:19  Zealot x5  
  115  14:20  Probe, Zealot x4  
  134  14:32  Probe  
  135  14:40  Forge  
  135  14:44  Probe  
  136  14:53  Sentry x2  
  134  15:25  Pylon  
  134  15:26  Pylon x2  
Show
View Real Time Build Order
Export as new Build Order

CHCKEN Protoss 

Build Orders:  

Get SALT Encoding   

  12  0:03  Probe (Chrono Boost)  
  14  0:15  Probe (Chrono Boost)  
  14  0:18  Assimilator  
  14  0:29  Pylon  
  14  0:39  Pylon  
  14  0:44  Probe  
  15  0:56  Probe  
  16  1:08  Probe (Chrono Boost)  
  17  1:20  Probe (Chrono Boost)  
  18  1:25  Assimilator  
  18  1:28  Probe (Chrono Boost)  
  19  1:44  Pylon  
  19  1:57  Nexus  
  19  2:03  Probe (Chrono Boost)  
  20  2:13  Probe (Chrono Boost)  
  21  2:15  Assimilator  
  21  2:18  Probe (Chrono Boost)  
  22  2:28  Gateway  
  23  2:30  Probe  
  23  2:47  Probe, Pylon  
  24  3:01  Pylon  
  24  3:05  Pylon  
  24  3:12  Probe  
  25  3:20  Assimilator  
  25  3:24  Probe  
  26  3:36  Probe  
  27  3:48  Probe  
  28  3:55  Nexus  
  28  4:00  Probe  
  29  4:05  Assimilator  
  29  4:12  Assimilator  
  29  4:13  Probe (Chrono Boost)  
  30  4:23  Probe (Chrono Boost)  
  31  4:28  Probe (Chrono Boost)  
  32  4:38  Cybernetics Core  
  32  4:39  Probe  
  33  4:51  Probe  
  34  5:01  Pylon  
  34  5:33  Probe (Chrono Boost)  
  36  5:51  Probe (Chrono Boost)  
  36  5:58  Probe (Chrono Boost)  
  36  5:59  Protoss Air Weapons Level 1  
  37  6:09  Probe (Chrono Boost)  
  37  6:10  Probe (Chrono Boost)  
  39  6:17  Probe (Chrono Boost)  
  41  6:19  Probe (Chrono Boost)  
  41  6:29  Probe  
  42  6:45  Probe x2 (Chrono Boost)  
  46  6:55  Probe (Chrono Boost)  
  46  6:57  Probe (Chrono Boost)  
  46  7:00  Probe (Chrono Boost)  
  46  7:06  Probe  
  46  7:07  Stargate  
  48  7:10  Stargate  
  48  7:11  Stargate  
  48  7:12  Probe  
  49  7:18  Probe  
  49  7:20  Stargate  
  50  7:30  Probe  
  50  7:33  Pylon  
  51  7:38  Stargate  
  51  7:54  Protoss Air Armor Level 1  
  34  8:12  Stalker  
  34  8:17  Void Ray x4  
  33  8:42  Stalker  
  30  9:00  Void Ray x4  
  44  9:12  Stalker  
  39  9:42  Stalker  
  53  10:12  Stalker  
  55  11:05  Pylon  
  55  11:16  Void Ray  
  55  11:17  Void Ray x2  
  55  11:23  Probe  
  56  11:35  Probe  
  57  11:47  Probe  
  57  11:48  Pylon  
  58  11:59  Probe, Void Ray  
  63  12:11  Probe  
  63  12:12  Pylon  
  64  12:23  Probe  
  65  12:35  Probe  
  66  12:42  Void Ray  
  70  12:47  Stalker  
  70  12:49  Nexus  
  72  12:58  Probe  
  73  13:10  Probe  
  74  14:42  Void Ray x2  
  82  14:49  Probe (Chrono Boost)  
  84  15:00  Assimilator  
  84  15:03  Probe (Chrono Boost)  
  84  15:11  Probe  
  85  15:23  Probe  
  86  15:35  Probe  
Show
View Real Time Build Order
Export as new Build Order

Mangachu Terran 

Build Orders: Mech 

Get SALT Encoding   

  12  0:03  SCV  
  13  0:15  SCV  
  14  0:27  SCV  
  15  0:41  Refinery  
  15  0:46  Refinery  
  15  1:28  Supply Depot  
  15  1:31  Supply Depot  
  15  1:50  SCV  
  15  1:51  Supply Depot  
  15  1:53  Supply Depot  
  15  1:54  Engineering Bay  
  16  2:02  SCV  
  17  2:14  SCV  
  18  2:24  Barracks  
  18  2:26  SCV  
  19  2:34  Barracks  
  19  2:38  SCV  
  20  2:50  SCV  
  21  3:02  SCV  
  22  3:14  SCV  
  23  3:20  Barracks Reactor  
  23  3:22  Barracks Reactor  
  23  3:26  SCV  
  24  3:33  Supply Depot  
  24  3:35  Terran Infantry Armor Level 1  
  24  3:38  SCV  
  25  3:50  SCV  
  26  4:09  Orbital Command  
  26  4:13  Reaper  
  26  4:14  Reaper x3  
  30  4:45  Reaper  
  30  4:46  Reaper x3  
  34  5:02  Sensor Tower  
  34  5:09  Factory  
  34  5:10  Factory  
  34  5:17  Reaper  
  34  5:18  Reaper x2  
  37  5:29  Factory  
  37  5:30  Terran Infantry Weapons Level 1  
  34  6:21  Missile Turret  
  34  6:25  Missile Turret  
  34  6:26  Missile Turret  
  34  6:36  Factory Tech Lab  
  34  6:37  Factory Tech Lab x2  
  34  6:50  Armory  
  34  7:02  Starport  
  34  7:06  Starport  
  34  7:07  Starport  
  34  7:10  SCV  
  35  7:20  Siege Tank  
  35  7:22  SCV  
  39  7:34  SCV  
  40  7:42  Starport  
  40  7:46  SCV  
  38  7:59  SCV  
  39  8:10  Missile Turret  
  39  8:13  Missile Turret  
  39  8:30  Missile Turret  
  39  8:31  Starport Tech Lab  
  39  8:32  Starport Tech Lab x3  
  39  8:33  Missile Turret  
  39  8:43  Siege Tank x3  
  48  8:54  Missile Turret  
  48  8:58  Reaper  
  48  8:59  Reaper  
  48  9:00  Marine  
  48  9:01  Marine  
  46  9:18  Marine  
  46  9:19  Marine  
  48  9:30  Marine  
  48  9:31  Marine  
  50  9:36  Marine  
  50  9:37  Marine  
  52  9:48  Marine x2  
  54  9:54  Marine  
  55  10:36  Supply Depot  
  55  10:39  Supply Depot  
  55  10:57  Marine x2, Banshee x2  
  55  11:00  Marine, Banshee x2  
  55  11:02  Supply Depot  
  70  11:32  Missile Turret  
  67  11:33  Missile Turret  
  57  12:38  Orbital Command  
  57  13:17  Starport Tech Lab x3  
  57  13:25  Barracks Reactor x2, Starport Tech Lab  
  57  13:28  Factory Tech Lab  
  57  13:38  Factory Tech Lab  
  57  13:41  Factory Tech Lab  
Show
View Real Time Build Order
Export as new Build Order

Lawliet Terran 

Build Orders: Command Center First (CC), MMM Bio 

Get SALT Encoding   

  12  0:01  SCV  
  13  0:13  SCV  
  14  0:20  Supply Depot  
  14  0:25  SCV  
  15  0:42  SCV  
  16  1:03  SCV  
  17  1:07  Command Center  
  17  1:15  SCV  
  18  1:21  Barracks  
  18  1:27  SCV  
  19  1:33  Refinery  
  19  1:39  SCV  
  20  1:47  Barracks  
  20  1:54  SCV  
  21  2:06  SCV  
  22  2:13  Supply Depot, Barracks Tech Lab  
  22  2:17  Refinery  
  22  2:20  Orbital Command  
  22  2:24  SCV  
  23  2:34  Marine  
  24  2:38  Marine  
  25  2:44  Engineering Bay  
  25  2:46  SCV  
  25  2:50  Orbital Command  
  26  2:58  SCV  
  26  3:01  Stimpack  
  26  3:02  Marine  
  26  3:03  Marine  
  29  3:16  SCV x2  
  31  3:22  Terran Infantry Weapons Level 1  
  31  3:30  Engineering Bay  
  31  3:37  Factory  
  31  3:39  SCV x2  
  33  3:51  SCV  
  33  3:52  Marine  
  35  3:57  Command Center  
  35  4:00  Terran Infantry Armor Level 1  
  35  4:09  Barracks  
  35  4:13  Barracks Tech Lab  
  35  4:21  SCV x2  
  37  4:28  Marine  
  38  4:32  Combat Shields  
  38  4:33  SCV  
  39  4:44  Barracks  
  39  4:52  SCV x2  
  41  4:53  Missile Turret  
  41  5:00  Missile Turret  
  41  5:01  Marine x3, Refinery x2  
  41  5:02  Concussive Shells  
  44  5:09  Barracks  
  44  5:16  Missile Turret, Orbital Command  
  44  5:19  Marine x3  
  44  5:20  SCV x2  
  49  5:37  Marine x3  
  49  5:42  Starport  
  52  5:46  Missile Turret  
  52  5:50  Missile Turret  
  52  5:55  Missile Turret  
  52  6:34  SCV x2  
  54  6:45  Barracks Reactor x3  
  54  6:52  Factory Tech Lab  
  54  6:54  Armory  
  54  6:58  Starport Reactor  
  54  7:01  SCV x3  
  57  7:10  Refinery x2  
  57  7:13  SCV x2  
  59  7:28  Command Center  
  59  7:34  Marine x2  
  59  7:36  Supply Depot  
  61  7:37  Supply Depot  
  61  7:38  Supply Depot  
  61  7:58  Marine x6, Marauder  
  69  7:59  Marine, Sensor Tower  
  70  8:15  Marine x2  
  70  8:16  Marine x4  
  70  8:17  Marauder  
  71  8:20  Marauder  
  66  8:33  Marine x6  
  69  8:38  Marine  
  69  8:40  Marine  
  71  8:51  Marine x6  
  77  8:56  Marine  
  78  9:07  Marine  
  78  9:09  Marine x2  
  80  9:12  Terran Infantry Armor Level 2, Terran Infantry Weapons Level 2  
  80  9:24  Marine  
  80  9:25  Marine x4  
  80  9:26  Marauder  
  87  9:42  Barracks  
  87  9:43  Marine x3, Barracks  
  87  9:44  Marauder  
  92  9:46  Barracks  
  92  9:49  Medivac x2  
  96  10:07  Marine x3  
  96  10:08  Marine  
  100  10:17  Supply Depot  
  100  10:18  Supply Depot  
  100  10:20  Orbital Command  
  100  10:39  Marine, Medivac x2  
  100  10:41  Supply Depot  
  105  10:45  Supply Depot  
  105  10:46  Marine x5  
  105  10:48  Barracks Reactor x2  
  110  10:51  Command Center  
  107  11:17  Marine x5  
  107  11:18  Marine x3  
  78  11:27  Marine x2  
  78  11:28  Marine x2  
  78  11:35  Marine x3  
  78  11:36  Marine x3  
  78  11:37  Marine x2  
  86  11:45  Marine x2  
  86  11:46  Marine x2  
  90  11:53  Marine x3  
  90  11:54  Marine  
  91  12:12  Missile Turret  
  91  12:13  Missile Turret  
  91  12:14  Missile Turret  
  91  12:15  Missile Turret  
  91  12:23  Sensor Tower  
  91  12:30  Planetary Fortress  
  91  12:36  Marine  
  91  12:37  Marine x4  
  92  12:38  Marine x5  
  92  12:39  Marine x2  
  103  12:48  Medivac x2  
  107  12:54  Marine x2  
  107  12:55  Marine x4  
  107  12:56  Marine x6  
  119  12:59  Terran Infantry Armor Level 3, Terran Infantry Weapons Level 3  
  119  13:02  Terran Vehicle And Ship Armor Level 1  
  119  13:12  Marine x2  
  120  13:13  Marine x5  
  120  13:14  Marine  
  120  13:18  Medivac  
  129  13:37  Marine x2  
  129  13:38  Marine x7  
  129  13:39  Marine  
  136  13:50  Marine x2  
  136  13:55  Marine x3  
  129  13:56  Marine x6  
  129  13:57  Marine  
  133  14:08  Marine x2  
  120  14:13  Marine x5  
  122  14:20  Medivac x2  
  126  14:43  Marine  
  126  14:44  Marine x4  
  126  14:45  Marine x3  
  134  14:50  Medivac x2  
  134  14:51  Missile Turret  
  138  14:53  Missile Turret  
  138  15:15  Missile Turret  
  138  15:20  Medivac  
Show
View Real Time Build Order
Export as new Build Order

Nsgaming Terran 

Build Orders: Command Center First (CC) 

Get SALT Encoding   

  12  0:04  SCV  
  13  0:16  SCV  
  14  0:28  SCV  
  15  0:37  Supply Depot  
  15  0:59  SCV  
  16  1:04  Command Center  
  16  1:11  SCV  
  16  1:15  Refinery  
  17  1:33  SCV  
  18  1:53  Barracks, SCV  
  19  2:21  Engineering Bay  
  19  2:41  Barracks  
  19  2:45  SCV  
  19  2:46  Supply Depot  
  20  2:58  SCV  
  21  3:11  Orbital Command  
  21  3:14  Barracks Reactor  
  21  3:33  Missile Turret  
  21  3:42  Barracks Reactor  
  21  3:45  Supply Depot  
  21  3:52  Marine x2  
  23  4:10  Supply Depot, Marine x2, Terran Infantry Weapons Level 1  
  25  4:18  Marine  
  25  4:19  Marine  
  27  4:28  Marine x2  
  29  4:36  Marine x2  
  31  4:45  Marine  
  31  4:46  Marine  
  33  5:03  Marine  
  34  5:07  Marine  
  34  5:08  Marine  
  34  5:09  Supply Depot  
  34  5:10  Marine  
  37  5:18  Planetary Fortress  
  37  5:21  Marine  
  37  5:25  Marine x2  
  36  6:00  Marine x2  
  38  6:12  Barracks  
  38  6:18  Marine x2  
  40  6:36  Marine x2  
  40  6:38  Terran Infantry Armor Level 1  
  42  6:49  Command Center  
  42  6:54  Marine x2  
  44  7:08  Supply Depot  
  44  7:12  Marine  
  44  7:50  Marine x2  
  16  8:07  Marine  
  16  8:08  Marine  
  14  8:14  Missile Turret  
  14  8:17  Missile Turret  
  13  8:21  Missile Turret  
  13  8:23  Missile Turret  
  13  8:25  Marine x2  
  11  8:43  Marine x2  
  11  8:46  Missile Turret  
  13  8:51  Missile Turret  
  13  8:52  Command Center  
  13  8:56  Missile Turret  
  13  9:01  Marine x2  
  15  9:03  SCV  
  16  9:15  Barracks Tech Lab, SCV  
  17  9:19  Marine x2  
  17  9:21  Factory  
  19  9:27  SCV  
  20  9:37  Marine x2  
  22  9:39  SCV  
  22  9:43  SCV  
  24  9:55  SCV  
  25  10:19  Refinery  
  25  10:24  Factory Tech Lab  
  25  11:27  Marine x2  
  25  11:31  Marauder  
  29  11:33  Siege Tank  
  32  11:45  Marine  
  33  11:52  Marauder  
  35  12:14  Marauder  
  37  12:17  SCV  
  38  12:29  SCV  
  39  12:31  Marine, Missile Turret  
  39  12:32  Marine  
  41  12:41  SCV  
  42  12:49  Marine  
  43  12:53  Missile Turret, SCV  
  43  12:55  Siege Tank  
  43  12:57  Marine  
  48  13:05  SCV  
  49  13:07  Marine, Missile Turret  
  50  13:23  SCV  
  51  13:27  Siege Tank  
  54  13:35  SCV  
  55  13:47  SCV  
  56  14:21  Marauder  
  56  14:23  Marine x2  
  60  14:29  Refinery  
  60  14:41  Marine x2  
  60  14:42  SCV  
  60  14:43  Marauder  
  65  14:54  SCV  
  66  15:00  Marine  
  66  15:01  Marine  
  68  15:18  Marine  
Tags
 
Add a new tag
Caveats
  • Supply blocks, unpowered buildings, or Contaminate may cause inaccurate times.
  • Supply counts are checked every 10 seconds.